 Dungeon Crawl Stone Soup version 0.16-a0-3638-g6091178 (webtiles) character file.

179 kroki the Chopper (level 5, -9/32 HPs)
             Began as a Gargoyle Berserker on Jan 15, 2015.
             Was a Priest of Trog.
             Killed from afar by an orc (41 damage)
             ... with an exploding inner flame
             ... hexed by the player character
             ... on level 3 of the Dungeon.
             The game lasted 00:03:43 (2092 turns).

kroki the Chopper (Gargoyle Berserker)              Turns: 2092, Time: 00:03:43

Health: -9/32      AC: 22    Str: 21    XL:     5   Next: 59%
Magic:  5/5        EV:  8    Int:  7    God:    Trog [***...]
Gold:   195        SH:  0    Dex: 10    Spells: 0 memorised, 4 levels left

rFire  . . .     SeeInvis .     n - -1 broad axe (curse)
rCold  . . .     Clarity  .     t - +0 chain mail
rNeg   + . .     SustAb   .     (no shield)
rPois  ∞         Gourm    .     h - +0 helmet
rElec  +         Spirit   .     f - +0 cloak
rCorr  .         Warding  .     m - +2 pair of gloves
rMut   .         Stasis   .     (no boots)
MR     .....                    (no amulet)
Stlth  ..........               (no ring)
                                q - +4 ring of protection

@: not resistant to hostile enchantments, extremely unstealthy
A: negative energy resistance 1, electricity resistance, unbreathing,
petrification resistance, rot immunity, AC +4
a: Burn Spellbooks, Berserk, Trog's Hand, Renounce Religion


You were on level 3 of the Dungeon.
You worshipped Trog.
Trog was most pleased with you.
You were not hungry.

You visited 1 branch of the dungeon, and saw 3 of its levels.

You collected 195 gold pieces.

Inventory:

Hand weapons
 a - a +0 hand axe
 n - a cursed -1 broad axe (weapon)
   (You took it off a goblin on level 2 of the Dungeon)
 o - a +0 war axe
   (You took it off an orc priest on level 3 of the Dungeon)
Missiles
 g - 4 curare-tipped needles {!f}
Armour
 d - a +0 ring mail
   (You found it on level 1 of the Dungeon)
 f - a +0 cloak (worn)
   (You took it off Crazy Yiuf on level 2 of the Dungeon)
 h - a +0 helmet (worn)
   (You found it on level 1 of the Dungeon)
 m - a +2 pair of gloves (worn)
   (You found it on level 2 of the Dungeon)
 t - a +0 chain mail (worn)
   (You found it on level 3 of the Dungeon)
Jewellery
 q - a +4 ring of protection (left hand)
   (You found it on level 2 of the Dungeon)
Scrolls
 p - a scroll of identify
 r - 2 scrolls of noise
 v - a scroll of enchant armour
Potions
 b - 3 potions of agility
 e - a potion of ambrosia
 i - 3 potions of cancellation {unknown}
 k - a potion of cure mutation {unknown}
 l - a potion of curing {unknown}
 s - a potion of mutation {unknown}
Comestibles
 c - 3 bread rations
 j - a meat ration


   Skills:
 - Level 3.2 Fighting
 + Level 5.5 Axes
 - Level 2.1 Armour
 - Level 1.5 Dodging


You had 4 spell levels left.
You didn't know any spells.


Innate Abilities, Weirdness & Mutations

You are resistant to torment.
You are immune to poison.
Your stone body is very resilient (AC +4).
You resist negative energy.
You are resistant to electric shocks.
You can survive without breathing.
You are immune to petrification.
You are immune to rotting.

Dungeon Overview and Level Annotations

Branches:
Dungeon (3/15)

Altars:
Elyvilon
Gozag
Makhleb
Qazlal
Ru

......
#...##...#.## . #.
....
#...##......#... #.
. ⌠...8#..........
#.
##...##..........
...
#...##......#... ..
##.. #........# ..
#8.. #....#.....
###...##.####....
#......@.# ...
........§§#
#.......§§.
.............
............... .
#.###..........# .
.###............. .
................<..
.
.................#
#.


There were no monsters in sight!


Message History

You now have 195 gold pieces (gained 18).
Found a scroll of enchant armour.
v - a scroll of enchant armour An orc comes into view.
The orc shouts!
An orc is nearby!
An orc is nearby!
An orc is nearby!
An orc is nearby!
Read which item? (? for menu, Esc to quit)
As you read the scroll labeled TRU WUWAPNOPN, it crumbles to dust.
The creatures around you are filled with an inner flame!
It was a scroll of immolation.
Read which item? (? for menu, Esc to quit)
Identify which item? (\ to view known items) (? for menu, Esc to quit)
As you read the scroll of identify, it crumbles to dust.
e - a potion of ambrosia The orc barely misses you.
You barely miss the orc. The orc hits you but does no damage.
The orc barely misses you.
Your chain mail prevents you from hitting the orc.
The orc barely misses you.
You hit the orc but do no damage. The orc hits you but does no damage.
The orc hits you but does no damage.
You barely miss the orc. The orc hits you but does no damage.
You slash the orc!
The orc explodes!
The fiery explosion engulfs you!
Ouch! That really hurt!
You die...

Notes
Turn   | Place    | Note
--------------------------------------------------------------
     0 | D:1      | kroki, the Gargoyle Berserker, began the quest for the Orb.
     0 | D:1      | Reached XP level 1. HP: 14/14 MP: 1/1
   197 | D:1      | Reached skill level 3 in Axes
   318 | D:1      | Reached XP level 2. HP: 19/19 MP: 2/2
   457 | D:1      | Acquired Trog's second power
   467 | D:1      | Reached XP level 3. HP: 20/23 MP: 3/3
   676 | D:2      | Reached skill level 4 in Axes
  1314 | D:2      | Reached XP level 4. HP: 28/28 MP: 4/4
  1376 | D:2      | Noticed Crazy Yiuf
  1380 | D:2      | Killed Crazy Yiuf
  1635 | D:3      | Found a sacrificial altar of Ru.
  1635 | D:3      | Found an opulent altar of Gozag.
  1636 | D:3      | Found a burning altar of Makhleb.
  1636 | D:3      | Found a stormy altar of Qazlal.
  1636 | D:3      | Found a white marble altar of Elyvilon.
  1697 | D:3      | Reached skill level 5 in Axes
  1697 | D:3      | Reached XP level 5. HP: 28/32 MP: 5/5
  2092 | D:3      | Killed from afar by an orc

Vanquished Creatures
  An orc priest (D:3)
  An orc wizard (D:3)
  Crazy Yiuf (D:2)
  2 adders
  A giant mite (D:1)
  A worm (D:2)
  An ooze (D:2)
  4 orcs (D:3)
  A ball python (D:1)
  10 bats
  4 giant cockroaches
  7 goblins
  5 hobgoblins
  2 jackals (D:1)
  A quokka (D:2)
  A giant newt (D:1)
  8 kobolds
  7 rats
58 creatures vanquished.

Action                   |  1- 3 |  4- 6 || total
-------------------------+-------+-------++-------
Melee: Hand axe          |   112 |       ||   112
       Broad axe         |     3 |    49 ||    52
Invok: Berserk           |     1 |     1 ||     2
  Use: Scroll            |       |     7 ||     7
  Eat: Chunk             |     2 |       ||     2
       Bread ration      |       |     1 ||     1

Vault maps used:
D:1:      saegor_arrival_simple_b
D:2:      first_bread, interstate_on_off, uniq_crazy_yiuf_cottage
D:3:      grunt_temple_overflow_open, corexii_hall_statues_i
